 Dungeon Crawl Stone Soup version 0.25.1-9-gc5326a611f (webtiles) character file.

Game seed: 17901306997387381499

35 phalm the Magician (level 3, -2/25 HPs)
             Began as a Gnoll Wizard on May 10, 2021.
             Killed from afar by an orc wizard (3 damage)
             ... with a puff of flame
             ... on level 2 of the Dungeon.
             The game lasted 00:02:16 (855 turns).

phalm the Magician (Gnoll Wizard)                    Turns: 855, Time: 00:02:18

Health: -2/25      AC:  2    Str:  9    XL:     3   Next: 33%
Magic:  5/11       EV: 14    Int: 21    God:
Gold:   38         SH:  0    Dex: 13    Spells: 13/16 levels left

rFire    . . .     SeeInvis .   g - +3 mace
rCold    . . .     Gourm    .   (no shield)
rNeg     . . .     Faith    .   a - +0 robe
rPois    .         Spirit   .   b - +0 hat
rElec    .         Reflect  .   (no cloak)
rCorr    .         Harm     .   (no gloves)
MR       .....                  (no boots)
Stlth    +++.......             (no amulet)
HPRegen  0.08/turn              (no ring)
MPRegen  0.12/turn              (no ring)

@: no status effects
A: distributed training, fangs 1, strong nose
a: no special abilities


You were on level 2 of the Dungeon.
You were not hungry.

You visited 1 branch of the dungeon, and saw 2 of its levels.

You collected 38 gold pieces.


Innate Abilities, Weirdness & Mutations

Your experience applies equally to all skills.
You have very sharp teeth.
Your uncanny sense of smell can sniff out nearby items.


   Skills:
 + Level 0.7 Fighting
 + Level 0.7 Short Blades
 + Level 0.7 Long Blades
 + Level 0.7 Axes
 + Level 0.7 Maces & Flails
 + Level 0.7 Polearms
 + Level 0.7 Staves
 + Level 0.7 Slings
 + Level 0.7 Bows
 + Level 0.7 Crossbows
 + Level 0.7 Throwing
 + Level 0.7 Armour
 + Level 4.5 Dodging
 + Level 4.1 Stealth
 + Level 0.7 Shields
 + Level 0.7 Unarmed Combat
 + Level 7.1 Spellcasting
 + Level 2.1 Conjurations
 + Level 0.5 Hexes
 + Level 0.5 Charms
 + Level 2.1 Summonings
 + Level 0.5 Necromancy
 + Level 2.1 Translocations
 + Level 0.5 Transmutations
 + Level 0.5 Fire Magic
 + Level 0.5 Ice Magic
 + Level 0.5 Air Magic
 + Level 0.5 Earth Magic
 + Level 0.5 Poison Magic
 + Level 0.9 Invocations
 + Level 0.7 Evocations


You had 13 spell levels left.
You knew the following spells:

 Your Spells              Type           Power        Failure   Level  Hunger
c - Call Imp              Summ           ###.....     5%          2    None
m - Magic Dart            Conj           ###.         3%          1    None

Your spell library contained the following spells:

 Spells                   Type           Power        Failure   Level  Hunger
 Blink                    Tloc           N/A          5%          2    None
 Slow                     Hex            #.......     11%         2    None
 Conjure Flame            Conj/Fire      ##......     16%         3    None
 Mephitic Cloud           Conj/Pois/Air  ##......     17%         3    None

Inventory:

Hand Weapons
 g - a +3 mace (weapon)
   (You found it on level 1 of the Dungeon)
Missiles
 e - 15 arrows
 h - 39 stones (quivered)
 k - 41 bolts
 n - 4 curare-tipped darts {=f}
Armour
 a - a +0 robe (worn)
 b - a +0 hat (worn)
Scrolls
 c - a scroll of identify {unknown}
 i - a scroll of enchant armour {unknown}
 j - a scroll of noise {unknown}
 l - a scroll of immolation {unknown}
 m - a scroll of amnesia {unknown}
Potions
 f - a potion of flight {unknown}
Comestibles
 d - 3 rations

Dungeon Overview and Level Annotations

Branches:
Dungeon (1/15)

Altars:

... #.#
.#.#.......#.###
................
∆ #........!#.#.#
#.........#.#.#
#...........#.#
#.........#.#.#
#..........%#.###
#....@.........#
######...#%#.#.#
#{o.#.#.#.#
#o..#.#.# #
#...#.#.# ∆
###.#.#.# #.#.#.#
#)#.#.# #.#.#.#


You could see 2 orcs.


Message History

You lost 2 mp, and now have 5/11 mp.
Casting: Call Imp (safe; 5% risk of failure)
Confirm with . or Enter, or press ? or * to list all spells.
A beastly little devil appears in a puff of flame.
An orc comes into view.
It is wielding a +0 short sword. 😎 MP[-2]
You lost 2 mp, and now have 3/11 mp.
Casting: Call Imp (safe; 5% risk of failure)
Confirm with . or Enter, or press ? or * to list all spells.
A beastly little devil appears in a puff of flame.
The orc hits your crimson imp with a +0 short sword.
Your crimson imp hits the orc. 😎 MP[-2]
You lost 2 mp, and now have 1/11 mp.
The orc barely misses your crimson imp.
Your crimson imp barely misses the orc.
The orc completely misses your crimson imp.
Your crimson imp hits the orc but does no damage. 😎 MP[+1]
Your crimson imp blinks!
The orc hits your crimson imp with a +0 short sword.
The orc wizard gestures wildly while chanting.
The orc wizard seems to speed up.
Your crimson imp hits the orc.
Your crimson imp blinks!
The orc wizard mumbles some strange words.
The orc wizard flickers and vanishes!
Deactivating autopickup; reactivate with Ctrl-A.
The orc hits your crimson imp with a +0 short sword.
Your crimson imp hits the orc.
The orc dies!
Your crimson imp blinks!
Something hits your crimson imp.
Your crimson imp blinks! x2
Something misses your crimson imp.
Something hits your crimson imp but does no damage.
Something hits your crimson imp.
Your crimson imp blinks!
Something hits your crimson imp.
A magic dart appears from out of thin air!
The magic dart hits your crimson imp.
Your crimson imp dies!
Your crimson imp blinks!
Something hits your crimson imp.
Your crimson imp barely misses something. 😎 MP[+1]
Something barely misses your crimson imp.
Something hits your crimson imp.
Your crimson imp hits something but does no damage.
Something barely misses your crimson imp.
Your crimson imp barely misses something.
Something completely misses your crimson imp.
Something hits your crimson imp.
Your crimson imp misses something.
Your crimson imp barely misses something.
Something misses your crimson imp.
Something barely misses your crimson imp.
Your crimson imp completely misses something.
Your crimson imp disappears in a puff of smoke!
Something completely misses your crimson imp.
Your crimson imp completely misses something.
Something hits your crimson imp. x2; Your crimson imp hits something.
Something hits your crimson imp.
Your crimson imp closely misses something. 😎 MP[+1]
Something hits your crimson imp.
Your crimson imp blinks!
Your crimson imp disappears in a puff of smoke!
Something hits you. 😕 HP[-2]
You take 2 damage, and now have 23/25 hp.
Something hits you. The orc closely misses you. Something hits you. 😕 HP[-1]
You take 1 damage, and now have 22/25 hp.
You completely miss the orc. Something hits you but does no damage.
The orc completely misses you. Something hits you.
The orc hits you with a +0 short sword. 😕 HP[-3]
You take 3 damage, and now have 19/25 hp.
You barely miss something. Something hits you.
The orc hits you with a +0 short sword.
* * * LOW HITPOINT WARNING * * *
Something hits you.
* * * LOW HITPOINT WARNING * * *
😱 HP[-14]
You take 14 damage, and now have 5/25 hp.
MASSIVE DAMAGE!! (PAUSE)
Something hits you.
* * * LOW HITPOINT WARNING * * *
😱 HP[-3] MP[+1]
You take 3 damage, and now have 2/25 hp.
Something hits you.
* * * LOW HITPOINT WARNING * * *
Things that are here:
a chunk of flesh; a bat skeleton; 😱 HP[-1]
You take 1 damage, and now have 1/25 hp.
Something barely misses you. Something completely misses you.
You hear some strange, mumbled words.
A puff of flame appears from out of thin air!
The puff of flame hits you.
You die...

Skill      XL: |  1 |
---------------+----+-----
Conjurations   | 2 |  2.1
Summonings     | 2 |  2.1
Translocations | 2 |  2.1
Fighting       | |  0.7
Short Blades   | |  0.7
Long Blades    | |  0.7
Axes           | |  0.7
Maces & Flails | |  0.7
Polearms       | |  0.7
Staves         | |  0.7
Slings         | |  0.7
Bows           | |  0.7
Crossbows      | |  0.7
Throwing       | |  0.7
Armour         | |  0.7
Dodging        | |  4.5
Stealth        | |  4.1
Shields        | |  0.7
Unarmed Combat | |  0.7
Spellcasting   | |  7.1
Hexes          | |  0.5
Charms         | |  0.5
Necromancy     | |  0.5
Transmutations | |  0.5
Fire Magic     | |  0.5
Ice Magic      | |  0.5
Air Magic      | |  0.5
Earth Magic    | |  0.5
Poison Magic   | |  0.5
Invocations    | |  0.9
Evocations     | |  0.7

Action                   || total
-------------------------++-------
Melee: Mace              ||     2
Throw: Stone             ||     5
 Cast: Magic Dart        ||    32
       Call Imp          ||     6
Armor: Robe              ||     1
Dodge: Dodged            ||     8

Levels and vault maps discovered:
D:1:      minmay_arrival_cross, layout_basic
D:2:      layout_basic, uniq_robin, uniq_sigmund, uniq_natasha

Notes
Turn   | Place    | Note
-------+----------+-------------------------------------------
     0 | D:1      | phalm the Gnoll Wizard began the quest for the Orb.
     0 | D:1      | Reached XP level 1. HP: 13/13 MP: 8/8
     0 | D:1      | magus.rc [v1.9.10]
   207 | D:1      | Reached skill level 2 in Conjurations
   207 | D:1      | Reached skill level 2 in Summonings
   207 | D:1      | Reached skill level 2 in Translocations
   276 | D:1      | Reached XP level 2. HP: 19/19 MP: 5/10
   690 | D:1      | You fall into a shaft and drop 1 floor!
   694 | D:2      | Reached XP level 3. HP: 22/25 MP: 6/11
   700 | D:2      | Learned a level 2 spell: Call Imp
   850 | D:2      | HP: 5/25 [something (5)]
   851 | D:2      | HP: 2/25 [something (3)]
   855 | D:2      | Killed from afar by an orc wizard

Vanquished Creatures
  An adder (D:2)
  An orc (D:2)
  2 giant cockroaches (D:1)
  4 goblins (D:1)
  A hobgoblin (D:1)
  A kobold (D:1)
  2 bats
  A frilled lizard (D:1)
  4 rats
17 creatures vanquished.

Vanquished Creatures (collateral kills)
  An orc (D:2)
  A goblin (D:2)
  A hobgoblin (D:2)
  4 jackals (D:2)
  A ball python (D:2)
  A frilled lizard (D:2)
  A rat (D:2)
10 creatures vanquished.

Grand Total: 27 creatures vanquished

Table legend:
 A = Non-vault XP
 B = Vault XP
 C = Vault XP percentage of total XP
 D = Non-vault monster count
 E = Vault monster count
 F = Vault count percentage of total count
                 A         B        C        D         E       F
            +---------+---------+-------+---------+---------+-------
      Total |      50 |       0 |   0.0 |      27 |       0 |   0.0
            +---------+---------+-------+---------+---------+-------
        D:1 |      21 |       0 |   0.0 |      13 |       0 |   0.0
        D:2 |      29 |       0 |   0.0 |      14 |       0 |   0.0
            +---------+---------+-------+---------+---------+-------

Skill      XL: |  1 |
---------------+----+-----
Conjurations   | 2 |  2.1
Summonings     | 2 |  2.1
Translocations | 2 |  2.1
Fighting       | |  0.7
Short Blades   | |  0.7
Long Blades    | |  0.7
Axes           | |  0.7
Maces & Flails | |  0.7
Polearms       | |  0.7
Staves         | |  0.7
Slings         | |  0.7
Bows           | |  0.7
Crossbows      | |  0.7
Throwing       | |  0.7
Armour         | |  0.7
Dodging        | |  4.5
Stealth        | |  4.1
Shields        | |  0.7
Unarmed Combat | |  0.7
Spellcasting   | |  7.1
Hexes          | |  0.5
Charms         | |  0.5
Necromancy     | |  0.5
Transmutations | |  0.5
Fire Magic     | |  0.5
Ice Magic      | |  0.5
Air Magic      | |  0.5
Earth Magic    | |  0.5
Poison Magic   | |  0.5
Invocations    | |  0.9
Evocations     | |  0.7

Action                   || total
-------------------------++-------
Melee: Mace              ||     2
Throw: Stone             ||     5
 Cast: Magic Dart        ||    32
       Call Imp          ||     6
Armor: Robe              ||     1
Dodge: Dodged            ||     8

Illustrated notes

Table legend:
 A = Kills in this place as a percentage of kills in entire the game.
 B = Kills by you in this place as a percentage of kills by you in the entire game.
 C = Kills by friends in this place as a percentage of kills by friends in the entire game.
 D = Other kills in this place as a percentage of other kills in the entire game.
 E = Experience gained in this place as a percentage of experience gained in the entire game.
 F = Experience gained in this place divided by the number of levels of this place that you have seen.
                   A       B       C       D       E      F
               +-------+-------+-------+-------+-------+----------------------
         Total | 100.0 | 100.0 | 100.0 |   N/A | 100.0 |  25.0
       Dungeon | 100.0 | 100.0 | 100.0 |   N/A | 100.0 |  25.0
               +-------+-------+-------+-------+-------+----------------------

Table legend:
 A = Turns spent in this place as a percentage of turns spent in the entire game.
 B = Non-inter-level travel turns spent in this place as a percentage of non-inter-level travel turns spent in the entire game.
 C = Inter-level travel turns spent in this place as a percentage of turns spent in this place.
 D = Turns resting spent in this place as a percentage of non-inter-level travel turns spent in this place.
 E = Turns spent auto-exploring this place as a percentage of non-inter-level travel turns spent in this place.
 F = Non-inter-level travel turns spent in this place divided by the number of levels of this place that you've seen.
                   A       B       C       D       E      F
               +-------+-------+-------+-------+-------+----------------------
         Total | 100.0 | 100.0 |   0.0 |   0.0 |  86.3 | 427.5
       Dungeon | 100.0 | 100.0 |   0.0 |   0.0 |  86.3 | 427.5
               +-------+-------+-------+-------+-------+----------------------
